Map: Ruins of Endion

Players

Miszu - Winner!

  • Race: Protoss Protoss
  • League: Master

MrBubbleDlCK

  • Race: Protoss Protoss
  • League: Master

VOD

Have the link to the VOD?

Description

Time

  • Played on: June 27, 2016, 3:22 p.m.
  • Length: 4:28
Show
View Real Time Build Order
Export as new Build Order

Miszu Protoss - Winner!

Build Orders:  

Get SALT Encoding   

  12  0:00  Probe (Chrono Boost)  
  13  0:11  Probe (Chrono Boost)  
  14  0:17  Pylon  
  14  0:22  Probe (Chrono Boost)  
  16  0:35  Probe (Chrono Boost)  
  16  0:38  Gateway  
  16  0:46  Probe (Chrono Boost)  
  17  0:51  Assimilator  
  17  0:56  Probe (Chrono Boost)  
  18  0:59  Gateway  
  18  1:04  Assimilator  
  18  1:08  Probe (Chrono Boost)  
  20  1:18  Probe (Chrono Boost)  
  20  1:24  Cybernetics Core  
  20  1:29  Probe (Chrono Boost)  
  21  1:35  Pylon  
  21  1:39  Probe (Chrono Boost)  
  22  2:00  Adept  
  22  2:01  Adept  
  26  2:02  Warp Gate  
  26  2:04  Mothership Core (Chrono Boost)  
  28  2:12  Pylon  
  28  2:27  Stalker  
  30  2:30  Stalker  
  32  2:57  Stalker  
  34  3:00  Stalker  
  36  3:10  Nexus  
  36  3:23  Robotics Facility  
  36  3:32  Sentry  
  38  3:37  Sentry  
  38  3:41  Gateway  
  36  3:48  Pylon  
  36  4:13  Stalker  
  36  4:14  Stalker  
Show
View Real Time Build Order
Export as new Build Order

MrBubbleDlCK Protoss 

Build Orders: Dark Templar Rush 

Get SALT Encoding   

  12  0:02  Probe (Chrono Boost)  
  13  0:13  Probe (Chrono Boost)  
  14  0:22  Pylon  
  14  0:23  Probe (Chrono Boost)  
  15  0:40  Gateway, Probe (Chrono Boost)  
  16  0:48  Assimilator  
  16  0:50  Probe (Chrono Boost)  
  17  1:01  Probe (Chrono Boost)  
  18  1:04  Assimilator  
  18  1:11  Gateway  
  18  1:12  Probe (Chrono Boost)  
  19  1:22  Probe (Chrono Boost)  
  20  1:28  Cybernetics Core  
  20  1:33  Pylon  
  20  1:34  Probe (Chrono Boost)  
  21  1:45  Probe (Chrono Boost)  
  22  1:55  Probe (Chrono Boost)  
  23  2:05  Adept x2  
  27  2:10  Twilight Council  
  27  2:13  Warp Gate (Chrono Boost)  
  27  2:24  Pylon  
  27  2:46  Dark Shrine  
  25  2:57  Stalker x2  
  29  3:00  Gateway  
  29  3:10  Pylon  
  27  3:16  Mothership Core (Chrono Boost)  
  22  3:35  Probe (Chrono Boost)  
  21  3:45  Probe (Chrono Boost)  
  21  3:47  Gateway  
  22  3:56  Probe (Chrono Boost)  
  23  4:06  Probe (Chrono Boost)  
  23  4:09  Dark Templar  
Tags
 
Add a new tag
Caveats
  • Supply blocks, unpowered buildings, or Contaminate may cause inaccurate times.
  • Supply counts are checked every 10 seconds.